 Dungeon Crawl Stone Soup version 0.29-a0-559-g359e09b9d1 (webtiles) character file.

Game seed: 15290255329636544975

280 mandarbmax the Insei (level 6, -9/51 HPs)
             Began as a Naga Transmuter on June 11, 2022.
             Mangled by a gnoll
             ... wielding a +0 halberd
              (13 damage)
             ... on level 3 of the Dungeon.
             The game lasted 00:06:16 (3460 turns).

mandarbmax the Insei (Naga Transmuter)              Turns: 3460, Time: 00:06:18

Health: -9/51      AC:  2    Str: 12    XL:     6   Next: 27%
Magic:  3/10       EV: 19    Int: 15    God:
Gold:   118        SH:  0    Dex: 17    Spells: 2/11 levels left

rFire   . . .      SeeInvis +     - Unarmed
rCold   . . .      Faith    .   (shield currently unavailable)
rNeg    . . .      Spirit   .   (body armour currently unavailable)
rPois   x          Reflect  .   (helmet currently unavailable)
rElec   .          Harm     .   (cloak currently unavailable)
rCorr   .          Rampage  .   (gloves currently unavailable)
Will    .....                   (no barding)
Stlth   ++........              (no amulet)
HPRegen 0.17/turn               f - ring of wizardry
MPRegen 0.12/turn               (no ring)

@: spider-form, wereblooded
A: venomous fangs, AC +2, tiny, see invisible, (deformed body), (poison
resistance), (slowness 2), spit poison 1, (naga tail 1)
a: Spit Poison, End Transformation


You were on level 3 of the Dungeon.
You were a venomous arachnid creature.
You visited 1 branch of the dungeon, and saw 3 of its levels.

You collected 118 gold pieces.

Inventory:

Missiles
 p - a throwing net
Armour
 a - a +0 robe (melded)
 k - a +2 helmet
Magical Staves
 m - a staff of air
Jewellery
 f - a ring of wizardry (left front leg)
Scrolls
 c - 3 scrolls of enchant weapon
 d - a scroll of immolation {unknown}
 e - 2 scrolls of blinking
 g - 2 scrolls of identify
 j - a scroll of fog {unknown}
 l - 2 scrolls of vulnerability {unknown}
 o - a scroll of amnesia {unknown}
Potions
 b - a potion of lignification
 i - a potion of degeneration {unknown}
 n - a potion of ambrosia {unknown}


   Skills:
 - Level 1.0 Fighting
 - Level 2.0 Dodging
 - Level 4.0 Unarmed Combat
 - Level 3.0 Spellcasting
 + Level 3.0 Transmutations
 + Level 2.0 Ice Magic
 - Level 4.0 Poison Magic


You had 2 spell levels left.
You knew the following spells:

 Your Spells              Type           Power      Damage    Failure   Level
a - Beastly Appendage     Tmut           22%        N/A       7%          1
b - Wereblood             Tmut           11%        N/A       9%          2
c - Spider Form           Tmut/Pois      12%        N/A       13%         3
d - Ozocubu's Armour      Ice            8%         N/A       21%         3

Your spell library contained the following spells:

 Spells                   Type           Power      Damage    Failure   Level
 Ice Form                 Ice/Tmut       9%         N/A       43%         4
 Metabolic Englaciation   Hex/Ice        2%         N/A       89%         5
 Simulacrum               Ice/Necr       2%         N/A       100%        6


Dungeon Overview and Level Annotations

Branches:
Dungeon (3/15)

Altars:


Innate Abilities, Weirdness & Mutations

You are a venomous arachnid creature.
You have poisonous fangs.
You are tiny and dextrous.
Your spellcasting is less reliable in this form.
Your armour is entirely melded.
You are incapable of wielding weapons or throwing items.
((Your serpentine skin is tough. (AC +2)))
You have supernaturally acute eyesight. (SInv)
((Armour fits poorly on your strangely shaped body.))
((Your system is resistant to poisons. (rPois)))
((You cover ground very slowly.))
You can spit poison.
((You have a snake-like lower body.))


Message History

Aiming: Spit Poison (1% risk of failure)
Press: ? - help, Shift-Dir - straight line, f - gnoll
Aim: a gnoll, wielding a +0 spear (65% to hit)
The splash of poison hits the gnoll sergeant.
The gnoll sergeant is lightly wounded.
Your primal bloodlust has ended.
Casting: Spider Form (dangerous; 13% risk of failure)
Confirm with . or Enter, or press ? or * to list all spells.
Your blood is infused with primal strength.
The gnoll sergeant barely misses you.
You hit the orc but do no damage.
The orc is poisoned.
The orc hits you but does no damage. The gnoll completely misses you.
The gnoll sergeant misses you.
You hit the orc.
The orc looks even sicker.
The orc is heavily wounded.
The orc closely misses you. The gnoll sergeant barely misses you.
The gnoll barely misses you.
You hit the orc but do no damage.
The orc is heavily wounded.
The orc barely misses you.
The gnoll sergeant hits you from afar with a +0 vorpal trident!
The gnoll hits you from afar with a +0 spear.
A gnoll comes into view. It is wielding a +0 halberd.
You hit the orc.
You feel a bit better.
You kill the orc!
You have got your breath back.
An orc comes into view. It is wielding a +0 flail.
The gnoll sergeant hits you with a +0 vorpal trident.
* * * LOW HITPOINT WARNING * * *
x2 The gnoll hits you with a +0 spear!
* * * LOW HITPOINT WARNING * * *
Items here: ))) [.
Unknown command.
You feel better.
The gnoll sergeant hits you with a +0 vorpal trident!
* * * LOW HITPOINT WARNING * * *
x2 An orc comes into view. It is wielding a +0 trident.
An orc comes into view. It is wielding a +0 dagger.
The gnoll hits you from afar with a +0 halberd!
You die...

#≈≈≈≈≈≈≈≈≈≈≈≈≈≈≈≈≈≈≈≈≈≈≈≈≈≈≈≈####
#............................#oog
##############################...
# #'## . ################ #.#.
....#8..8#...... #.
8..'....og..... #.
8..'...ggo....o #. #...s# #.
#....# #. #....# #. o #..).# #. #
#....# ##
#############''''#######
#.......................
#≈≈≈≈≈≈≈≈≈≈≈≈....≈≈≈≈≈≈≈ ##
≈≈≈≈≈≈≈≈≈≈≈≈≈....≈≈≈≈≈≈≈ ≈≈


You could see a gnoll sergeant, 2 gnolls and 3 orcs.

Vanquished Creatures
  2 howler monkeys (D:3)
  2 hounds (D:3)
  6 gnolls (D:3)
  An adder (D:3)
  A worm (D:2)
  3 dart slugs (D:1)
  3 orcs (D:3)
  2 bats
  3 endoplasms
  3 giant cockroaches
  4 hobgoblins
  11 jackals (D:3)
  2 quokkas
  2 ball pythons (D:1)
  A frilled lizard (D:3)
  7 goblins
  5 kobolds
  7 rats
65 creatures vanquished.

Notes
Turn   | Place    | Note
-------+----------+-------------------------------------------
     0 | D:1      | mandarbmax the Naga Transmuter began the quest for the Orb.
     0 | D:1      | Reached XP level 1. HP: 18/18 MP: 3/3
   396 | D:1      | Reached XP level 2. HP: 13/25 MP: 1/5
   548 | D:1      | Learned a level 2 spell: Wereblood
  1478 | D:2      | Reached XP level 3. HP: 31/31 MP: 1/6
  1492 | D:2      | Learned a level 3 spell: Spider Form
  2367 | D:2      | Reached skill level 1 in Poison Magic
  2610 | D:3      | Reached XP level 4. HP: 38/38 MP: 0/7
  3139 | D:3      | Reached XP level 5. HP: 30/44 MP: 1/9
  3144 | D:3      | Learned a level 3 spell: Ozocubu's Armour
  3320 | D:3      | Reached skill level 1 in Ice Magic
  3361 | D:3      | Reached XP level 6. HP: 36/51 MP: 6/10
  3460 | D:3      | Mangled by a gnoll

Illustrated notes

Levels and vault maps discovered:
D:1:      amcnicky_arrival_double_pillar, layout_loops_ring, nrook_campfire,
          nrook_mini_backslash, minmay_stone_trees_small, minmay_misc_feat_x
D:2:      layout_rooms
D:3:      lemuel_castle_with_subvaults [lemuel_castle_interior_carwin_2],
          layout_rooms, lightli_temple_of_fire, patterned_corridor

Skill      XL: |  1  2  3  4  5  6 |
---------------+-------------------+-----
Dodging        | 2 |  2.0
Unarmed Combat | 4 |  4.0
Poison Magic   | 1 3 4 |  4.0
Spellcasting   | 3 |  3.0
Ice Magic      | 1 2 |  2.0
Transmutations | 3 |  3.0
Fighting       | |  1.0

Action                   |  1- 3 |  4- 6 || total
-------------------------+-------+-------++-------
Melee: Unarmed           |    96 |    79 ||   175
       Headbutt          |    10 |     2 ||    12
       Punch             |     1 |       ||     1
 Cast: Beastly Appendage |    28 |     2 ||    30
       Wereblood         |     2 |     6 ||     8
       Spider Form       |     7 |     8 ||    15
 Abil: Spit Poison       |     7 |     9 ||    16
  Use: Scroll            |       |     5 ||     5
       Potion            |       |     1 ||     1
 Stab: Sleeping          |     1 |       ||     1
Armor: Robe              |    13 |     9 ||    22
       Skin              |     1 |     3 ||     4
Dodge: Dodged            |    41 |    77 ||   118

Table legend: (Time is in decaauts)
 A = Elapsed time spent in this place.
 B = Non-inter-level travel time spent in this place.
 C = Inter-level travel time spent in this place.
 D = Time resting spent in this place.
 E = Time spent auto-exploring this place.
 F = Levels seen in this place.
 G = Mean time per level.
                   A        B        C        D        E       F      G
               +--------+--------+--------+--------+--------+-----+--------+
         Total |   3942 |   3883 |     59 |    869 |   2473 |   3 | 1314.0 |
       Dungeon |   3942 |   3883 |     59 |    869 |   2473 |   3 | 1314.0 |
               +--------+--------+--------+--------+--------+-----+--------+

Top non-repeatable levels by time:
     D:1: 1719 daAuts
     D:2: 1146 daAuts
     D:3: 1076 daAuts
